 Dungeon Crawl Stone Soup version 0.28.0-49-g6dfe1f597d (webtiles) character file.

Game seed: 11623458054421530736

286 Zeld the Gusty (level 6, 0/36 HPs)
             Began as a Tengu Air Elementalist on May 18, 2022.
             Succumbed to an adder's poison
             ... on level 4 of the Dungeon.
             The game lasted 00:05:11 (6174 turns).

Zeld the Gusty (Tengu Air Elementalist)             Turns: 6174, Time: 00:05:11

Health: 0/36       AC:  3    Str:  8    XL:     6   Next: 30%
Magic:  1/12       EV: 15    Int: 18    God:
Gold:   68         SH:  0    Dex: 14    Spells: 2/12 levels left

rFire   . . .      SeeInvis .   a - +2 mace (vorpal)
rCold   . . .      Faith    .   (no shield)
rNeg    . . .      Spirit   .   b - +1 robe of Xuwn {Contam rCorr Slay+3 Archmagi}
rPois   .          Reflect  .   (helmet restricted)
rElec   .          Harm     .   (no cloak)
rCorr   +          Rampage  .   (no gloves)
Will    .....      Archmagi +   (boots unavailable)
Stlth   ++........              (no amulet)
HPRegen 0.12/turn               (no ring)
MPRegen 0.13/turn               (no ring)

@: lethally poisoned (0 -> -2), flying quickly and evasively, quick
A: beak, talons 3, nimble flight
a: no special abilities


You were on level 4 of the Dungeon.
You visited 2 branches of the dungeon, and saw 5 of its levels.

You collected 68 gold pieces.

Inventory:

Hand Weapons
 a - a +2 vorpal mace (weapon)
Armour
 b - the +1 robe of Xuwn (worn) {Contam rCorr Slay+3 Archmagi}
   (You found it on level 4 of the Dungeon)

   Slay:      It affects your accuracy & damage with ranged weapons and melee
   (+3).
   Contam:    It causes magical contamination when unequipped.
   rCorr:     It protects you from acid and corrosion.
   Archmagi:  It increases the power of your magical spells.
Jewellery
 n - a ring of protection from fire
Scrolls
 c - 2 scrolls of noise {unknown}
 d - a scroll of magic mapping {unknown}
 f - 2 scrolls of identify {unknown}
 h - a scroll of vulnerability {unknown}
 k - a scroll of teleportation {unknown}
Potions
 e - a potion of might {unknown}
 g - 3 potions of curing {unknown}
 i - a potion of heal wounds {unknown}
 j - a potion of mutation {unknown}
 l - a potion of resistance {unknown}
 m - a potion of haste {unknown}


   Skills:
 * Level 2.8 Fighting
 + Level 3.3 Dodging
 - Level 2.0 Stealth
 * Level 3.5 Spellcasting
 - Level 2.0 Conjurations
 * Level 5.8 Air Magic


You had 2 spell levels left.
You knew the following spells:

 Your Spells              Type           Power      Damage    Failure   Level
a - Shock                 Conj/Air       100%       1d9       3%          1
b - Static Discharge      Conj/Air       25%        N/A       4%          2
c - Swiftness             Air            36%        N/A       4%          3
d - Airstrike             Air            18%        N/A       14%         4

Your spell library contained the following spells:

 Spells                   Type           Power      Damage    Failure   Level
 Poisonous Vapours        Pois/Air       40%        N/A       7%          2
 Sting                    Tmut/Pois      16%        1d3       16%         1
 Blink                    Tloc           8%         N/A       24%         2
 Olgreb's Toxic Radiance  Pois           4%         N/A       83%         4
 Manifold Assault         Tloc           4%         N/A       99%         5
 Storm Form               Tmut/Air       10%        N/A       100%        7


Dungeon Overview and Level Annotations

Branches:
Dungeon (4/15)             Temple (1/1) D:4

Altars:
Ashenzari
Cheibriados
Dithmenos
Elyvilon
Gozag
Hepliaklqana
Kikubaaqudgha
Makhleb
Nemelex Xobeh
Okawaru
Qazlal
Ru
Trog
Uskayaw
Vehumet
Xom
Yredelemnul
Zin
The Shining One

Annotations:
D:3 3 runed translucent doors, 1 transporter, DemonSlayer's ghost, amateur DsFE; Gingerlord's ghost, amateur PaFi


Innate Abilities, Weirdness & Mutations

You have a beak for a mouth.
You have claws for feet.
Your magical nature lets you fly swiftly and evasively.


Message History

The adder bites you.
* * * LOW HITPOINT WARNING * * *
The adder closely misses you.
You see here a worm corpse.
Casting: Static Discharge (safe; 4% risk of failure)
Confirm with . or Enter, or press ? or * to list all spells.
You feel a surge of power!
You miscast Static Discharge.
You are very lightly contaminated with residual magic.
Nothing appears to happen.
The adder bites you but does no damage.
Unknown command.
You aren't carrying any items that you can evoke.
The adder completely misses you.
You miss the adder. Your kick misses the adder.
The adder completely misses you. The adder bites you.
* * * LOW HITPOINT WARNING * * *
Unknown command.
Casting: Static Discharge (safe; 4% risk of failure)
Confirm with . or Enter, or press ? or * to list all spells.
Aiming: Shock (safe; 3% risk of failure)
Press: ? - help, Shift-Dir - straight line, f - adder
Aim: an adder (57% to hit)
You feel a surge of power!
The zap hits the adder.
The adder is heavily wounded.
The adder bites you.
* * * LOW HITPOINT WARNING * * *
Unknown command.
The adder barely misses you. The adder bites you.
* * * LOW HITPOINT WARNING * * *
You are lethally poisoned!
The adder poisons you!
* * * LOW HITPOINT WARNING * * *
You feel sick.
Your magical contamination has completely faded away.
* * * LOW HITPOINT WARNING * * *
You feel sick. The adder bites you but does no damage.
Unknown command.
Unknown command.
Unknown command.
You die...

#.# ###.#....
#.# ##.####
#.# ## #.# #.#
#.# #.#####
####
#.##≈≈####≈≈##
#..≈≈≈≈@≈S≈≈≈#
####≈≈####≈≈##
#### ##≈# #≈#
#≈# # ##†#
##≈≈####≈≈##
#≈≈≈r≈≈≈≈≈≈#
##≈≈####≈≈##


You could see an adder.

Vanquished Creatures
  An ogre (D:4)
  A water moccasin skeleton (D:4)
  4 adders
  A gnoll (D:1)
  A howler monkey skeleton (D:4)
  A river rat (D:4)
  An adder skeleton (D:4)
  6 worms
  2 dart slugs (D:3)
  4 orcs
  An endoplasm (D:4)
  2 giant cockroaches (D:4)
  5 goblins
  9 hobgoblins
  4 quokkas
  3 ball pythons
  4 bats
  5 frilled lizards
  A jackal zombie (D:3)
  3 kobolds
  A quokka zombie (D:3)
  6 rats
66 creatures vanquished.

Notes
Turn   | Place    | Note
-------+----------+-------------------------------------------
     0 | D:1      | Zeld the Tengu Air Elementalist began the quest for the
                  | Orb.
     0 | D:1      | Reached XP level 1. HP: 10/10 MP: 4/4
   193 | D:1      | Reached XP level 2. HP: 9/16 MP: 3/6
   196 | D:1      | Learned a level 2 spell: Static Discharge
  1120 | D:1      | Found a faded altar of an unknown god.
  1404 | D:2      | Reached skill level 1 in Fighting
  1540 | D:2      | Reached XP level 3. HP: 16/20 MP: 4/7
  1544 | D:2      | Learned a level 3 spell: Swiftness
  2749 | D:2      | HP: 1/20 [worm (8)]
  3613 | D:2      | Reached XP level 4. HP: 21/25 MP: 1/8
  3736 | D:3      | Found an iron altar of Okawaru.
  4448 | D:3      | Found a bloodstained altar of Trog.
  4740 | D:3      | Noticed a sky beast
  5104 | D:3      | Found a runed translucent gate.
  5104 | D:3      | Found a runed translucent gate.
  5104 | D:3      | Found a runed translucent gate.
  5104 | D:3      | Noticed DemonSlayer's ghost (amateur DsFE)
  5106 | D:3      | Found a basalt altar of Yredelemnul.
  5213 | D:3      | Found a transporter.
  5215 | D:3      | Noticed Gingerlord's ghost (amateur PaFi)
  5313 | D:4      | Noticed an ogre
  5339 | D:4      | Identified the +1 robe of Xuwn {Contam rCorr Slay+3
                  | Archmagi}
  5387 | D:4      | Reached skill level 5 in Air Magic
  5387 | D:4      | Gained mutation: Your magical nature lets you fly swiftly
                  | and evasively. [Tengu growth]
  5387 | D:4      | Reached XP level 5. HP: 4/30 MP: 1/10
  5473 | D:4      | Found a staircase to the Ecumenical Temple.
  5482 | Temple   | Entered the Ecumenical Temple
  5815 | D:4      | Killed an ogre
  5816 | D:4      | Reached XP level 6. HP: 7/36 MP: 1/12
  5938 | D:4      | Learned a level 4 spell: Airstrike
  6173 | D:4      | HP: 1/36 [poisoned by an adder]
  6174 | D:4      | Succumbed to an adder's poison

Illustrated notes

Levels and vault maps discovered:
D:1:      minmay_arrival_loop, layout_basic, basic_ecumenical_altar
D:2:      layout_rooms
D:3:      layout_loops_ring, trog_three_pillars_becter, lemuel_round_altar,
          nicolae_yredelemnul_ghost_church, gammafunk_ghost_mausoleum,
          kennysheep_decorative_pillar, corexii_item_surrounded_by_moat
D:4:      layout_cave_pools, minmay_temple_entry_offerings,
          gup_sewer_entry_bubbles, grunt_ministairs_13, hangedman_glass_teeth,
          kennysheep_flooded_box
Temple:   nicolae_temple_elliptical

Skill      XL: |  1  2  3  4 |
---------------+-------------+-----
Fighting       | 1 2 |  2.8
Conjurations   | 2 |  2.0
Dodging        | 3 |  3.3
Spellcasting   | 3 |  3.5
Air Magic      | 5 |  5.8
Stealth        | |  2.0

Action                   |  1- 3 |  4- 6 || total
-------------------------+-------+-------++-------
Melee: Mace              |    42 |    39 ||    81
       Kick              |     8 |     5 ||    13
       Peck              |     8 |     3 ||    11
       Punch             |       |     1 ||     1
 Cast: Shock             |     9 |    10 ||    19
       Static Discharge  |    27 |    30 ||    57
       Swiftness         |       |     2 ||     2
 Stab: Sleeping          |     2 |     2 ||     4
Armor: Robe              |    10 |     7 ||    17
Dodge: Dodged            |    47 |    40 ||    87
